Map: Jagannatha LE

Players

Future

  • Race: Terran Terran

DisK - Winner!

  • Race: Protoss Protoss

Event: DreamHack SC2 Masters 2021 Summer

VOD

Have the link to the VOD?

Description

Time

  • Played on: May 28, 2021, 4:04 p.m.
  • Length: 8:24

All games in this series

Show
View Real Time Build Order
Export as new Build Order

Future Terran 

Build Orders:  

Get SALT Encoding   

  12  0:00  SCV  
  13  0:12  SCV  
  14  0:17  Supply Depot  
  14  0:24  SCV  
  15  0:39  SCV  
  15  0:40  Barracks  
  16  0:51  SCV  
  16  0:53  Engineering Bay  
  17  1:03  SCV  
  18  1:04  Refinery  
  18  1:15  SCV  
  19  1:23  Refinery  
  19  1:28  Marine  
  19  1:29  Orbital Command  
  19  1:36  Supply Depot  
  19  1:53  Barracks Reactor  
  19  1:55  SCV  
  20  2:05  Command Center  
  20  2:08  SCV  
  21  2:15  Bunker  
  21  2:20  SCV  
  22  2:24  Refinery  
  22  2:29  Marine x2  
  24  2:32  SCV  
  24  2:35  Factory  
  25  2:44  SCV  
  25  2:46  Marine x2  
  28  2:56  SCV  
  29  3:05  Marine x2  
  31  3:17  SCV  
  31  3:18  Orbital Command  
  32  3:22  Factory Tech Lab  
  32  3:24  Starport  
  32  3:25  Marine x2  
  34  3:29  SCV  
  35  3:41  SCV  
  35  3:44  SCV, Barracks  
  35  3:47  Marine x2  
  39  3:50  Supply Depot  
  39  3:55  SCV  
  40  3:56  SCV  
  40  4:03  Barracks  
  40  4:08  SCV, Raven  
  40  4:13  SCV  
  40  4:14  Marine x2  
  43  4:19  Factory Tech Lab  
  43  4:20  SCV  
  44  4:24  Supply Depot  
  44  4:25  SCV  
  45  4:32  Marine x2  
  45  4:33  SCV  
  45  4:37  SCV  
  49  4:40  Engineering Bay  
  49  4:45  SCV  
  50  4:47  Supply Depot  
  50  4:49  SCV, Stimpack  
  51  4:54  Factory Reactor  
  51  4:57  SCV, Marine x2  
  54  5:01  Starport Reactor  
  54  5:02  SCV, Marine x2  
  54  5:06  Terran Infantry Weapons Level 1  
  57  5:09  SCV  
  57  5:14  SCV, Supply Depot  
  59  5:16  Refinery  
  59  5:17  Marine x2  
  59  5:20  Combat Shield  
  61  5:21  SCV  
  61  5:26  SCV  
  62  5:33  Marauder  
  62  5:34  Marauder  
  62  5:35  SCV, Marine x2  
  68  5:38  SCV  
  68  5:41  Medivac  
  70  5:47  Supply Depot  
  70  5:48  Supply Depot  
  70  5:53  Widow Mine, SCV x2, Medivac  
  70  5:55  Marauder  
  78  5:59  Marauder  
  78  6:00  Marine x2  
  78  6:03  Widow Mine  
  84  6:06  SCV  
  84  6:07  SCV  
  86  6:12  Supply Depot  
  86  6:18  Supply Depot  
  86  6:19  SCV x2, Marine  
  86  6:23  Marauder  
  86  6:24  Marauder  
  89  6:30  Marine  
  89  6:31  SCV x2  
  92  6:35  Medivac x2  
  92  6:39  Widow Mine  
  98  6:40  Widow Mine  
  98  6:41  Refinery  
  100  6:47  Supply Depot  
  100  6:50  Marauder x2, Marine  
  100  6:52  Marine  
  104  6:54  Concussive Shells  
  104  7:04  Widow Mine x2  
  106  7:17  Medivac  
  106  7:19  Command Center  
  106  7:20  Marauder x2  
  106  7:22  Marine x2  
  112  7:25  Medivac  
  112  7:28  SCV x2  
  116  7:33  Supply Depot  
  116  7:39  Widow Mine x2  
  116  7:40  SCV x2  
  120  7:46  Marauder x2  
  119  7:52  SCV x2  
  118  8:04  SCV x2  
Show
View Real Time Build Order
Export as new Build Order

DisK Protoss - Winner!

Build Orders: Oracle Opening, Phoenix Opening 

Get SALT Encoding   

  12  0:00  Probe  
  13  0:12  Probe  
  14  0:16  Pylon  
  14  0:24  Probe  
  15  0:34  Gateway  
  15  0:36  Probe (Chrono Boost)  
  16  0:46  Probe (Chrono Boost), Assimilator  
  17  0:51  Probe (Chrono Boost)  
  18  1:03  Probe  
  19  1:15  Probe  
  20  1:20  Pylon  
  20  1:22  Zealot (Chrono Boost)  
  20  1:24  Cybernetics Core  
  22  1:27  Probe  
  23  1:38  Assimilator  
  23  1:39  Probe  
  24  1:51  Probe  
  24  2:00  Adept  
  26  2:03  Probe  
  27  2:14  Stargate  
  27  2:24  Nexus  
  27  2:26  Probe  
  27  2:29  Warp Gate  
  28  2:38  Pylon  
  28  2:42  Probe  
  29  2:45  Adept  
  31  2:55  Oracle (Chrono Boost)  
  31  2:56  Probe  
  35  3:08  Probe  
  36  3:21  Probe  
  36  3:23  Phoenix (Chrono Boost)  
  39  3:36  Probe  
  39  3:37  Probe, Pylon  
  41  3:44  Phoenix  
  41  3:47  Gateway  
  43  3:52  Probe x2 (Chrono Boost)  
  45  4:01  Probe (Chrono Boost)  
  47  4:03  Probe (Chrono Boost)  
  47  4:06  Probe (Chrono Boost)  
  47  4:09  Phoenix  
  50  4:16  Probe  
  51  4:17  Robotics Facility  
  51  4:23  Probe  
  52  4:27  Assimilator  
  52  4:28  Probe, Pylon, Assimilator  
  53  4:35  Probe  
  54  4:39  Phoenix  
  56  4:49  Probe x2  
  58  5:01  Probe x2  
  58  5:05  Robotics Bay  
  60  5:10  Sentry  
  60  5:13  Probe, Nexus  
  60  5:14  Probe, Pylon  
  64  5:21  Shield Battery  
  64  5:25  Probe  
  64  5:26  Probe  
  66  5:40  Probe x2  
  68  5:45  Gateway, Forge  
  68  5:47  Gateway, Sentry  
  70  5:50  Immortal (Chrono Boost)  
  70  5:55  Extended Thermal Lance  
  74  5:57  Probe  
  74  5:59  Probe  
  76  6:09  Probe  
  77  6:11  Probe  
  77  6:14  Pylon x2  
  78  6:24  Probe  
  79  6:26  Shield Battery  
  79  6:27  Shield Battery, Stalker x2  
  79  6:29  Colossus (Chrono Boost)  
  89  6:41  Stalker x2  
  91  6:51  Stalker x2  
  95  7:09  Colossus (Chrono Boost)  
  95  7:13  Probe x3  
  98  7:18  Gateway  
  98  7:20  Gateway  
  104  7:25  Probe (Chrono Boost)  
  104  7:26  Twilight Council  
  104  7:28  Probe x2 (Chrono Boost)  
  107  7:31  Pylon  
  107  7:34  Sentry  
  109  7:37  Pylon  
  109  7:38  Pylon  
  109  7:48  Probe  
  109  7:49  Probe x2  
  112  7:52  Zealot x2  
  98  8:18  Stalker x6  
Tags
 
Add a new tag
Caveats
  • Supply blocks, unpowered buildings, or Contaminate may cause inaccurate times.
  • Supply counts are checked every 10 seconds.